 Dungeon Crawl Stone Soup version 0.31-a0-656-gb4d89c20fa (webtiles) character file.

Game seed: 1353850914755156519

2656 discipleofbeogh the Cleaver (level 9, 0/75 HPs)
             Began as a Minotaur Fighter on Aug 30, 2023.
             Was a Believer of Okawaru.
             Splashed by a jelly's acid (2 damage)
             ... on level 6 of the Dungeon.
             The game lasted 00:15:38 (5033 turns).

discipleofbeogh the Cleaver (Minotaur Fighter)      Turns: 5033, Time: 00:15:39

Health: 0/75       AC: 12    Str: 26    XL:     9   Next: 36%
Magic:  8/8        EV: 16    Int:  5    God:    Okawaru [**....]
Gold:   250        SH:  5    Dex:  9    Spells: 8/8 levels left

rFire   . . .        a - +0 war axe
rCold   . . .        c - +0 buckler
rNeg    . . .        b - +1 scale mail
rPois   +            (helmet restricted)
rElec   .            o - +2 cloak
rCorr   .            (no gloves)
SInv    .            (no boots)
Will    .....        q - amulet of the acrobat Stlth
                     m - +5 ring of evasion
HPRegen 0.32/turn    y - ring of poison resistance
MPRegen 0.11/turn

%: acrobat
@: mighty, invisible
A: horns 2, retaliatory headbutt
a: Renounce Religion, Heroism


You were on level 6 of the Dungeon.
You worshipped Okawaru.
Okawaru was pleased with you.
You visited 2 branches of the dungeon, and saw 7 of its levels.

You collected 250 gold pieces.

Inventory:

Hand Weapons
 a - a +0 war axe (weapon)
Missiles
 e - 61 stones (quivered)
 g - 3 curare-tipped darts
 x - 3 throwing nets
Armour
 b - a +1 scale mail (worn)
 c - a +0 buckler (worn)
 o - a +2 cloak (worn)
 v - a scarf of harm
Jewellery
 m - a +5 ring of evasion (left hand)
 q - an amulet of the acrobat (around neck)
 y - a ring of poison resistance (right hand)
Wands
 i - a wand of polymorph (24)
 k - a wand of mindburst (6)
 t - a wand of digging (7)
Potions
 f - 4 potions of attraction
 h - a potion of degeneration
 j - 2 potions of ambrosia
 p - 2 potions of magic
 s - a potion of lignification
 u - a potion of haste


   Skills:
 + Level 6.1 Fighting
 + Level 10.8 Axes
 + Level 0.8 Throwing
 + Level 8.0 Armour
 + Level 4.0 Dodging
 + Level 1.2 Stealth
 + Level 5.7 Shields


You had 8 spell levels left.
You didn't know any spells.
Your spell library contained the following spells:

 Spells                   Type           Power      Damage    Failure   Level
 Cigotuvi's Dreadful Rot  Necr/Pois/Air  0%         N/A       89%         2
 Dispel Undead            Necr           0%         3d6       100%        4
 Simulacrum               Ice/Necr       Unusable   N/A       N/A         6
 Haunt                    Necr/Summ      Unusable   N/A       N/A         7

Dungeon Overview and Level Annotations

Branches:
Dungeon (6/15)             Temple (1/1) D:4

Altars:
Ashenzari
Cheibriados
Dithmenos
Elyvilon
Fedhas
Gozag
Hepliaklqana
Kikubaaqudgha
Nemelex Xobeh
Okawaru
Qazlal
Ru
Sif Muna
Trog
Uskayaw
Vehumet
Wu Jian
Xom
Yredelemnul
Zin
The Shining One

Shops:
D:2 *=![


Innate Abilities, Weirdness & Mutations

You have a pair of horns on your head.
You reflexively headbutt those who attack you in melee.


Message History

Your Armour skill increases to level 8!
The steam dragon bites you!
* * * LOW HITPOINT WARNING * * *
The steam dragon completely misses you.
The white imp is engulfed in a cloud of scalding steam.
The white imp dies!
You closely miss the steam dragon. You block the steam dragon's attack. x2
You catch the helpless steam dragon completely off-guard!
You hit the steam dragon but do no damage.
You hit the iguana. The iguana closely misses you.
The steam dragon breathes steam at you. The ball of steam misses you.
You hear an angry growl.
You strike the helpless steam dragon from behind!
You slash the steam dragon! Your headbutt misses the steam dragon.
The steam dragon is moderately wounded.
You catch the helpless iguana completely off-guard!
You hit the iguana.
You kill the iguana!
Okawaru accepts your kill.
The steam dragon completely misses you. x2
You catch the helpless steam dragon completely off-guard!
You slash the steam dragon!
The steam dragon is heavily wounded.
You slash the ice beast! The ice beast closely misses you.
You closely miss the steam dragon.
The steam dragon is heavily wounded.
You hit the jelly.
Your hands burn!
* * * LOW HITPOINT WARNING * * *
You catch the helpless ice beast completely off-guard!
You slash the ice beast! The jelly completely misses you.
The ice beast is engulfed in a cloud of scalding steam.
The ice beast dies!
The steam dragon closely misses you. You block the steam dragon's attack.
Your Dodging skill increases to level 4!
You slash the steam dragon!
You kill the steam dragon!
Okawaru accepts your kill.
You hit the jelly.
Your hands burn!
You die...

##### ..###....#
....# ####.......#
....# ...........#
....# ...<......#
....# #.........#
....# #......†..#
....# #......)..#
...## #.....§J..#
...##< .#.....§.@.#
...#....#....)†.§.#
...#....#.........#
...#....'.......[.#
...##...#.........#
...##...#.........#
........'.........###
........#............
........#...§........


You could see a jelly.

Vanquished Creatures
  Grinder (D:5)
  Sigmund (D:2)
  A steam dragon (D:6)
  Menkaure (D:5)
  A sky beast (D:6)
  2 ice beasts
  2 phantoms
  A kobold brigand (D:4)
  Blork the orc (D:5)
  7 scorpions
  3 wights (D:4)
  A jelly (D:5)
  2 orc priests
  8 hounds
  Jessica (D:2)
  Natasha (twice) (D:3)
  6 iguanas
  An orc wizard (D:4)
  4 sleepcaps
  Ijyb (D:3)
  Robin (D:3)
  4 gnolls (D:5)
  7 adders
  2 white imps (D:5)
  An ufetubus (D:5)
  2 worms
  4 dart slugs
  18 orcs
  6 bats
  7 endoplasms
  2 giant cockroaches
  8 hobgoblins
  2 jackals (D:3)
  9 kobolds
  2 quokkas
  8 ball pythons
  7 frilled lizards
  16 goblins
  12 rats
165 creatures vanquished.

Vanquished Creatures (others)
  An ice beast (D:6)
  A scorpion (D:6)
  An adder (D:6)
  A white imp (D:6)
  An orc (D:6)
5 creatures vanquished.

Grand Total: 170 creatures vanquished

Notes
Turn   | Place    | Note
-------+----------+-------------------------------------------
     0 | D:1      | discipleofbeogh the Minotaur Fighter began the quest for
                  | the Orb.
     0 | D:1      | Reached XP level 1. HP: 19/19 MP: 0/0
   224 | D:1      | Reached XP level 2. HP: 27/27 MP: 1/1
   656 | D:2      | Found Xocawad's Jewellery Boutique.
   664 | D:2      | Found Wepp's General Store.
   677 | D:2      | Reached XP level 3. HP: 33/33 MP: 2/2
   772 | D:2      | Noticed Jessica
   781 | D:2      | Killed Jessica
   782 | D:2      | Reached skill level 3 in Axes
   836 | D:2      | Found Fifoces's Distillery.
   844 | D:2      | Found Cerok's Antique Armour Emporium.
   968 | D:2      | Noticed Sigmund
   976 | D:2      | Killed Sigmund
   977 | D:2      | Reached skill level 4 in Axes
   977 | D:2      | Reached skill level 1 in Dodging
   977 | D:2      | Reached XP level 4. HP: 29/41 MP: 3/3
   977 | D:2      | Reached XP level 5. HP: 33/47 MP: 4/4
  1614 | D:3      | Noticed Ijyb
  1631 | D:3      | Killed Ijyb
  1632 | D:3      | Reached skill level 5 in Armour
  1658 | D:3      | Noticed Robin
  1669 | D:3      | Killed Robin
  1670 | D:3      | Reached XP level 6. HP: 39/53 MP: 5/5
  1713 | D:3      | Reached skill level 5 in Axes
  1841 | D:3      | Noticed Natasha
  1853 | D:3      | Killed Natasha
  2114 | D:3      | Found a faded altar of an unknown god.
  2293 | D:3      | Noticed Natasha
  2303 | D:3      | Killed Natasha
  2551 | D:4      | Reached skill level 5 in Fighting
  2551 | D:4      | Reached skill level 6 in Axes
  2580 | D:4      | Reached XP level 7. HP: 61/61 MP: 6/6
  2641 | D:4      | Found a glowing silver altar of Zin.
  2698 | D:4      | Found a white marble altar of Elyvilon.
  2724 | D:4      | Reached skill level 7 in Axes
  3314 | D:4      | Reached skill level 1 in Stealth
  3365 | D:4      | Found a staircase to the Ecumenical Temple.
  3372 | Temple   | Entered the Ecumenical Temple
  3388 | Temple   | Became a worshipper of Warmaster Okawaru
  3603 | D:4      | Reached XP level 8. HP: 63/69 MP: 7/7
  3743 | D:5      | Entered Level 5 of the Dungeon
  3750 | D:5      | Reached skill level 8 in Axes
  4079 | D:5      | Reached skill level 5 in Shields
  4089 | D:5      | Noticed Menkaure
  4092 | D:5      | Reached * piety under Okawaru
  4093 | D:5      | Reached skill level 9 in Axes
  4096 | D:5      | Killed Menkaure
  4105 | D:5      | Noticed Blork the orc
  4116 | D:5      | Killed Blork the orc
  4355 | D:5      | Found a bloodstained altar of Trog.
  4474 | D:5      | Noticed Grinder
  4489 | D:5      | Paralysed by Grinder for 2 turns
  4493 | D:5      | Killed Grinder
  4494 | D:5      | Reached XP level 9. HP: 59/75 MP: 8/8
  4683 | D:5      | Reached ** piety under Okawaru
  4730 | D:5      | Reached skill level 10 in Axes
  4920 | D:6      | Got the Folio of Malevolent Deeds and Turbulence
  5015 | D:6      | HP: 2/75 [steam dragon/ball of steam (22)]
  5026 | D:6      | HP: 2/75 [steam dragon (8)]
  5032 | D:6      | HP: 2/75 [acid (2)]
  5033 | D:6      | Splashed by a jelly's acid

Illustrated notes

Levels and vault maps discovered:
D:1:      elethiomel_arrival_quiet, layout_rooms,
          hangedman_abyss_or_decor_lesser_grid, reono_crystal_passage
D:2:      layout_basic, serial_shops, shop, nicolae_shop_industrial_runoff,
          shop_fountains, nicolae_shop_gaudy_bauble, minmay_misc_feat_plants,
          minmay_misc_feat_encased, chequers_big_river,
          chequers_serial_rivers_micro_b, uniq_jessica, uniq_sigmund
D:3:      layout_basic, dreamdust_ecumenical_altar_statues, st_stairs_11,
          minmay_cupped, uniq_robin, uniq_ijyb, uniq_natasha
D:4:      layout_loops_corners, zin_scriptorium,
          mainiacjoe_overflow_small_starburst, minmay_temple_entry_overgrown,
          lexackson_kobold_supper
D:5:      minmay_inner_zag, layout_basic, trog_butcher_becter,
          mumra_transporter_accident, uniq_grinder, uniq_menkaure,
          uniq_blork_the_orc
D:6:      layout_gridville, minmay_parallelograms, nicolae_wooded_promenade,
          minmay_alternating_orb
Temple:   regret_index_temple_chain_breaker

Skill      XL: |  1  2  3  4  5  6  7  8  9 |
---------------+----------------------------+-----
Armour         | 4 5 6 7 8 |  8.0
Shields        | 4 5 |  5.7
Fighting       | 4 5 6 |  6.1
Axes           | 4 6 7 9 10 | 10.8
Dodging        | 1 2 3 4 |  4.0
Stealth        | 1 |  1.2
Throwing       | |  0.8

Action                     |  1- 3 |  4- 6 |  7- 9 || total
---------------------------+-------+-------+-------++-------
  Melee: War axe           |    61 |    91 |   278 ||   430
         Headbutt          |     7 |     6 |    66 ||    79
  Throw: Stone             |     6 |     3 |       ||     9
    Use: Scroll            |       |    12 |     6 ||    18
         Potion            |       |       |     4 ||     4
   Stab: Sleeping          |       |     1 |       ||     1
         Invisible         |       |       |     5 ||     5
 Armour: Scale mail        |    37 |    52 |    35 ||   124
         Skin              |       |     7 |       ||     7
  Dodge: Dodged            |    29 |    56 |   155 ||   240
  Block: Buckler           |    15 |    25 |    50 ||    90

Table legend: (Time is in decaauts)
 A = Elapsed time spent in this place.
 B = Non-inter-level travel time spent in this place.
 C = Inter-level travel time spent in this place.
 D = Time resting spent in this place.
 E = Time spent auto-exploring this place.
 F = Levels seen in this place.
 G = Mean time per level.
                   A        B        C        D        E       F      G
               +--------+--------+--------+--------+--------+-----+--------+
         Total |   5130 |   5038 |     92 |    338 |   2169 |   7 |  732.9 |
       Dungeon |   5099 |   5029 |     70 |    338 |   2169 |   6 |  849.8 |
        Temple |     30 |      8 |     22 |      0 |      0 |   1 |   30.0 |
               +--------+--------+--------+--------+--------+-----+--------+

Top non-repeatable levels by time:
     D:4: 1295 daAuts
     D:5: 1148 daAuts
     D:2: 1034 daAuts
     D:3: 875 daAuts
     D:1: 599 daAuts
     D:6: 146 daAuts
  Temple: 30 daAuts
